 Dungeon Crawl Stone Soup version 0.28-a0-919-g0b5b508569 (webtiles) character file.

Game seed: 16690606191124325242

28 croobank the Sneak (level 3, 0/26 HPs)
             Began as an Octopode Delver on Nov 26, 2021.
             Slain by an orc (1 damage)
             ... on level 5 of the Dungeon.
             The game lasted 00:03:13 (109 turns).

croobank the Sneak (Octopode Delver)                 Turns: 109, Time: 00:03:13

Health: 0/26       AC:  1    Str: 12    XL:     3   Next: 14%
Magic:  3/3        EV: 13    Int: 12    God:
Gold:   0          SH:  0    Dex: 13    Spells: 2/2 levels left

rFire   . . .      SeeInvis .   a - +0 spear
rCold   . . .      Faith    .   (no shield)
rNeg    . . .      Spirit   .   (helmet restricted)
rPois   .          Reflect  .   (no amulet)
rElec   .          Harm     .   (no ring)
rCorr   .          Rampage  .   (no ring)
Will    .....                   (no ring)
Stlth   +++++.....              (no ring)
HPRegen 0.08/turn               (no ring)
MPRegen 0.08/turn               (no ring)
                                (no ring)
                                (no ring)

@: hasted, very quick
A: almost no armour, amphibious, 8 rings, camouflage 1, gelatinous body 1,
(nimble swimmer 1), tentacles
a: no special abilities


You were on level 5 of the Dungeon.
You visited 1 branch of the dungeon, and saw 1 of its levels.

Inventory:

Hand Weapons
 a - a +0 spear (weapon)
Wands
 f - a wand of digging (2)
Scrolls
 b - a scroll of fog


   Skills:
 + Level 3.1 Fighting
 + Level 2.2 Polearms
 + Level 2.0 Dodging
 + Level 7.5 Stealth


You had 2 spell levels left.
You didn't know any spells.
Your spell library was empty.

Dungeon Overview and Level Annotations

Branches:
Dungeon (5/15)
 Temple: D:4-7

Altars:


Innate Abilities, Weirdness & Mutations

You cannot wear most types of armour.
You are amphibious.
You can wear up to eight rings at the same time.
Your skin changes colour to match your surroundings (Stealth+).
Your rubbery body absorbs attacks. (AC +1, EV +1)
((You are camouflaged near water. (Stealth+)))
You have tentacles for arms and can constrict up to eight enemies at once.


Message History

You constrict the hound skeleton. The hound skeleton bites you.
You release your grip on the hound skeleton.
The hound skeleton closely misses you. The hound skeleton misses you.
A centaur comes into view.
The centaur shouts!
You hear an angry hiss.
The centaur wields a +0 shortbow.
The centaur shoots an arrow.
The arrow barely misses you.
The arrow hits the hound skeleton.
An adder and an orc come into view.
The orc is wielding a +2 dagger of speed.
The centaur unwields a +0 shortbow.
The centaur hits you. The centaur misses you.
You barely miss the centaur. Your squeeze misses the centaur.
You hit the centaur but do no damage. The centaur hits you.
* * * LOW HITPOINT WARNING * * *
The centaur kicks you but does no damage.
The hound skeleton misses you.
You hit the centaur but do no damage. The centaur hits you.
* * * LOW HITPOINT WARNING * * *
The centaur barely misses you.
The hound skeleton completely misses you.
The centaur closely misses you. The centaur kicks you.
* * * LOW HITPOINT WARNING * * *
There are no items here.
Blink to where?
Press: ? - help, Dir - move target A hound, a gnoll shaman, 4 orcs, a centaur and a white imp come into view.
Found a scroll of fear and 19 bolts.
As you read the scroll labelled PEODYCHALI, it crumbles to dust.
It was a scroll of blinking.
The centaur shouts!
The orc shouts!
The white imp shouts!
You hear a shout!
A gnoll shaman comes into view. It is wielding a +0 club.
The orc shouts!
You hear an angry growl.
Aiming: Dig
Press: ? - help, Shift-Dir - straight line, f - orc
Aim: an orc, wielding a +0 club (100% to hit)
The rock shatters into small pieces.
The orc shouts!
Found a stone staircase leading up.
The orc hits you with a +0 club.
You die...

?....z.J.lZĀ§.......#
##..#####.##..####.# ##..#
#.##c.# *.#
...J#####.##..##*#.####
.>..............,.....***
...z#...#..,#.oS#...#,,,*
##...#)#...#,#...#g#,.#.*
#....#...#...#...#.....*
###............o@oo.....#
.*#.#...#...#.c5#o..#.#.#
.##..#.#...#(#...#.#..#,********
.#....#...#..h#..,#....<,,,,,,,*
.................,,.....#*****,*
....#..J#...#,..#,,.#...# *,*
.....#.#...#,#g.,*,#..... *,*
......#...#,,.#.,,*,,,..*** *,*
..#........,,,,,,,,,,,,,,,* *,*


You could see 2 centaurs, 2 gnoll shamans, a hound, an adder, a white imp and 5
orcs.

Vanquished Creatures
  An iguana (D:5)
  A dart slug (D:5)
2 creatures vanquished.

Notes
Turn   | Place    | Note
-------+----------+-------------------------------------------
     0 | D:5      | croobank the Octopode Delver began the quest for the Orb.
     0 | D:5      | Reached XP level 1. HP: 16/16 MP: 1/1
    23 | D:5      | Noticed an iguana
    30 | D:5      | Killed an iguana
    31 | D:5      | Reached skill level 7 in Stealth
    31 | D:5      | Reached XP level 2. HP: 4/21 MP: 2/2
    31 | D:5      | Reached XP level 3. HP: 5/26 MP: 3/3
    49 | D:5      | Noticed a scorpion
    68 | D:5      | Noticed a scorpion
    98 | D:5      | Noticed a centaur
   106 | D:5      | HP: 1/26 [centaur (1)]
   107 | D:5      | Noticed a centaur
   109 | D:5      | Slain by an orc

Illustrated notes

Levels and vault maps discovered:
D:5:      cheibrodos_fzero, layout_loops_ring, amcnicky_altar_gilded,
          uniq_edmund, uniq_blork_the_orc, uniq_crazy_yiuf_cottage

Skill      XL: |  1 |
---------------+----+-----
Stealth        | 7 |  7.5
Fighting       | |  3.1
Polearms       | |  2.2
Dodging        | |  2.0

Action                   || total
-------------------------++-------
Melee: Spear             ||    14
       Constrict         ||     3
Evoke: Wand              ||     1
  Use: Scroll            ||     3
       Potion            ||     1
 Stab: Sleeping          ||     1
Armor: Skin              ||     1
Dodge: Dodged            ||    11

Table legend: (Time is in decaauts)
 A = Elapsed time spent in this place.
 B = Non-inter-level travel time spent in this place.
 C = Inter-level travel time spent in this place.
 D = Time resting spent in this place.
 E = Time spent auto-exploring this place.
 F = Levels seen in this place.
 G = Mean time per level.
                   A        B        C        D        E       F      G
               +--------+--------+--------+--------+--------+-----+--------+
         Total |     99 |     99 |      0 |     19 |     11 |   1 |   99.0 |
       Dungeon |     99 |     99 |      0 |     19 |     11 |   1 |   99.0 |
               +--------+--------+--------+--------+--------+-----+--------+

Top non-repeatable levels by time:
     D:5: 99 daAuts
